Map: Deathaura LE

Players

HeroMarine

  • Race: Terran Terran
  • League: Master
  • Spawn Location: 11:00

PtitDrogo - Winner!

  • Race: Protoss Protoss
  • Spawn Location: 5:00

Event: DreamHack SC2 Masters 2020 Fall

VOD

Have the link to the VOD?

Description

Time

  • Played on: Sept. 8, 2020, 3:25 p.m.
  • Length: 8:54

All games in this series

Show
View Real Time Build Order
Export as new Build Order

HeroMarine Terran 

Build Orders: Reaper Expand 

Get SALT Encoding   

  12  0:00  SCV  
  13  0:12  SCV  
  14  0:17  Supply Depot  
  14  0:24  SCV  
  15  0:39  SCV  
  15  0:40  Barracks  
  16  0:44  Refinery  
  16  0:51  SCV  
  17  1:03  SCV  
  18  1:15  SCV  
  19  1:27  Orbital Command, Reaper  
  20  1:43  Command Center  
  20  1:50  Supply Depot  
  20  1:52  SCV  
  21  1:59  Marine  
  22  2:04  SCV  
  22  2:07  Factory  
  23  2:16  Marine  
  23  2:17  SCV  
  25  2:29  SCV  
  26  2:35  Barracks Reactor  
  26  2:39  Command Center  
  26  2:43  SCV  
  29  2:53  Widow Mine  
  29  2:55  SCV  
  29  2:56  Orbital Command  
  29  3:06  Refinery  
  29  3:07  SCV  
  30  3:13  Marine x2  
  30  3:19  SCV  
  33  3:24  SCV  
  34  3:28  Factory Tech Lab  
  34  3:31  SCV, Marine x2  
  36  3:35  Starport  
  36  3:36  SCV  
  37  3:43  SCV  
  38  3:49  SCV, Supply Depot  
  38  3:50  Marine  
  38  3:51  Marine  
  38  3:54  Orbital Command  
  44  3:56  SCV  
  44  4:00  Refinery  
  44  4:01  SCV  
  44  4:02  Factory Tech Lab  
  43  4:08  SCV, Marine  
  43  4:09  Marine  
  44  4:13  SCV  
  45  4:20  SCV x2  
  49  4:25  SCV, Marine  
  49  4:26  Marine  
  49  4:28  Siege Tank  
  49  4:29  Raven  
  54  4:32  SCV x2, Supply Depot  
  54  4:37  Barracks, SCV  
  57  4:44  SCV x2  
  59  4:49  Barracks, SCV, Marine  
  61  4:54  Marine  
  61  4:56  SCV x2, Supply Depot  
  64  5:00  Siege Tank  
  64  5:01  SCV  
  68  5:08  SCV  
  68  5:09  Barracks  
  68  5:10  Barracks  
  69  5:17  SCV x2  
  69  5:18  Engineering Bay  
  69  5:19  Supply Depot  
  71  5:22  SCV, Supply Depot  
  71  5:27  Marine x2  
  74  5:28  Starport Reactor  
  74  5:30  SCV x2  
  74  5:34  SCV  
  77  5:36  Stimpack, Refinery  
  77  5:41  Marauder  
  79  5:44  Orbital Command  
  79  5:45  Marauder, Marine  
  79  5:46  Factory Tech Lab, Terran Infantry Weapons Level 1  
  79  5:48  Combat Shield, Supply Depot  
  82  5:50  SCV  
  82  5:54  Marine  
  82  5:56  SCV  
  85  6:00  Barracks Tech Lab, Barracks Reactor  
  85  6:02  SCV  
  86  6:06  Supply Depot x2  
  86  6:09  Siege Tank, Marauder x2, Marine  
  94  6:17  SCV, Refinery  
  94  6:18  SCV x2  
  97  6:23  Missile Turret, Marauder  
  99  6:26  Medivac  
  99  6:27  Medivac  
  99  6:29  SCV  
  99  6:30  SCV x2  
  99  6:31  Supply Depot  
  106  6:33  Supply Depot  
  106  6:39  Marauder x2  
  110  6:42  Siege Tank  
  110  6:46  Marine x4  
  117  6:47  Supply Depot  
  117  6:53  Marauder  
  119  6:54  Supply Depot  
  119  6:55  Supply Depot  
  119  6:57  Medivac  
  119  7:00  Medivac  
  123  7:02  Marauder  
  123  7:04  Supply Depot  
  123  7:05  Marauder  
  123  7:06  Marine  
  123  7:07  Marine x2  
  130  7:09  Marine  
  130  7:15  Marauder  
  133  7:21  Siege Tank  
  135  7:23  Marauder  
  135  7:24  Marine  
  135  7:25  Marine x2  
  135  7:26  Marauder  
  135  7:27  Marine  
  143  7:30  Concussive Shells  
  143  7:36  Marauder  
  145  7:42  Marine  
  145  7:43  Marine x2  
  148  7:45  Marauder  
  148  7:48  Marauder  
  148  7:50  Marine  
  153  7:57  Marauder  
  155  7:59  Marine  
  155  8:01  Marine  
  155  8:02  Marine  
  148  8:06  Marauder  
  148  8:08  Marine  
  148  8:09  Marauder  
  152  8:19  Marauder  
  122  8:20  Marine x2  
  122  8:21  Marine  
  122  8:26  Marine  
  114  8:27  Marauder  
  114  8:30  Marauder  
  114  8:32  SCV x2  
  117  8:35  SCV  
Show
View Real Time Build Order
Export as new Build Order

PtitDrogo Protoss - Winner!

Build Orders: 1 Gate Expand, Oracle Opening, Phoenix Opening, Zealot Archon 

Get SALT Encoding   

  12  0:00  Probe  
  13  0:12  Probe  
  14  0:17  Pylon  
  14  0:24  Probe  
  15  0:36  Gateway, Probe (Chrono Boost)  
  16  0:46  Assimilator, Probe (Chrono Boost)  
  17  0:51  Probe (Chrono Boost)  
  18  1:03  Probe  
  19  1:15  Probe  
  20  1:22  Cybernetics Core  
  20  1:33  Nexus  
  20  1:38  Pylon  
  20  1:42  Probe  
  21  1:47  Assimilator  
  21  1:54  Probe  
  21  1:56  Adept (Chrono Boost)  
  24  2:06  Probe  
  25  2:16  Stargate  
  25  2:17  Adept (Chrono Boost)  
  25  2:18  Probe  
  28  2:30  Warp Gate, Probe  
  29  2:42  Adept  
  31  2:45  Probe (Chrono Boost)  
  31  2:49  Probe (Chrono Boost)  
  33  2:56  Probe (Chrono Boost)  
  35  2:59  Probe (Chrono Boost)  
  35  3:02  Probe  
  35  3:03  Oracle (Chrono Boost)  
  37  3:08  Probe  
  38  3:14  Probe  
  39  3:20  Probe  
  39  3:26  Probe  
  41  3:27  Twilight Council  
  41  3:33  Probe  
  41  3:34  Gateway  
  40  3:35  Gateway  
  40  3:39  Probe  
  40  3:41  Phoenix (Chrono Boost)  
  43  3:45  Probe  
  43  3:46  Pylon  
  44  3:51  Probe  
  44  3:54  Assimilator  
  45  3:57  Probe  
  45  3:59  Assimilator  
  46  4:04  Probe  
  44  4:10  Probe  
  44  4:15  Blink (Chrono Boost)  
  44  4:18  Adept  
  44  4:23  Probe (Chrono Boost)  
  47  4:24  Probe (Chrono Boost)  
  47  4:29  Nexus  
  48  4:34  Probe (Chrono Boost)  
  48  4:35  Robotics Facility, Probe (Chrono Boost)  
  50  4:39  Probe (Chrono Boost)  
  50  4:40  Pylon  
  52  4:48  Forge  
  52  4:49  Probe (Chrono Boost)  
  52  4:51  Probe (Chrono Boost)  
  53  4:57  Probe x2 (Chrono Boost)  
  55  5:03  Sentry  
  55  5:06  Probe (Chrono Boost)  
  58  5:10  Pylon  
  58  5:14  Forge, Probe (Chrono Boost)  
  59  5:16  Probe (Chrono Boost)  
  59  5:21  Protoss Ground Weapons Level 1, Probe (Chrono Boost)  
  61  5:22  Observer  
  61  5:26  Robotics Bay  
  62  5:32  Probe (Chrono Boost)  
  62  5:34  Probe (Chrono Boost)  
  62  5:35  Sentry  
  66  5:38  Probe (Chrono Boost)  
  66  5:40  Pylon  
  68  5:43  Probe (Chrono Boost)  
  68  5:45  Probe (Chrono Boost), Pylon  
  70  5:50  Protoss Ground Armor Level 1  
  70  5:52  Probe x2 (Chrono Boost)  
  70  5:55  Probe (Chrono Boost)  
  72  5:57  Gateway, Probe (Chrono Boost)  
  72  5:58  Probe  
  72  6:00  Pylon  
  72  6:01  Gateway  
  72  6:03  Gateway  
  72  6:05  Assimilator x2  
  72  6:10  Colossus (Chrono Boost), Charge (Chrono Boost)  
  72  6:16  Probe  
  72  6:17  Probe x2  
  72  6:18  Extended Thermal Lance  
  81  6:20  Observer  
  81  6:24  Gateway  
  81  6:25  Gateway  
  81  6:35  Pylon  
  81  6:38  Templar Archives  
  81  6:39  Pylon  
  81  6:47  Zealot x3  
  83  6:48  Shield Battery  
  83  6:53  Zealot, Colossus (Chrono Boost)  
  89  7:00  Gateway  
  95  7:03  Gateway  
  95  7:07  Zealot x3  
  95  7:08  Stalker x2  
  105  7:18  High Templar  
  105  7:21  High Templar x2  
  111  7:26  Archon  
  111  7:33  Pylon  
  111  7:35  Zealot x3  
  111  7:36  Zealot x2  
  119  7:39  Pylon  
  119  7:41  Shield Battery, Pylon, Colossus (Chrono Boost)  
  125  7:49  Shield Battery  
  125  7:51  Shield Battery  
  125  8:02  High Templar  
  125  8:04  Zealot x7  
  139  8:09  Archon  
  139  8:10  High Templar x2  
  139  8:17  Archon  
  119  8:24  Zealot x7  
  117  8:38  Probe  
  117  8:39  Stalker  
  112  8:46  Stalker x6  

Tags
 
Add a new tag
Caveats
  • Supply blocks, unpowered buildings, or Contaminate may cause inaccurate times.
  • Supply counts are checked every 10 seconds.